 Dungeon Crawl Stone Soup version 0.25-a0-1114-g48d22fd (webtiles) character file.

Game seed: 7630701448473146509, levelgen mode: deterministic

3057 silenth the Carver (level 9, 0/64 HPs)
             Began as an Octopode Fighter on May 16, 2020.
             Was a Believer of Makhleb.
             Slain by Joseph
             ... wielding a +4 vorpal quarterstaff
              (24 damage)
             ... on level 8 of the Dungeon.
             The game lasted 00:12:35 (10182 turns).

silenth the Carver (Octopode Fighter)              Turns: 10182, Time: 00:12:36

Health: 0/64       AC:  1    Str: 24    XL:     9   Next: 87%
Magic:  12/12      EV: 12    Int: 11    God:    Makhleb [**....]
Gold:   1248       SH:  9    Dex: 11    Spells: 8/8 levels left

rFire    . . .     SeeInvis .   a - +0 long sword
rCold    . . .     Gourm    .   b - +0 kite shield
rNeg     . . .     Faith    +   (helmet restricted)
rPois    +         Spirit   .   c - amulet of faith
rElec    .         Reflect  .   l - ring of poison resistance
rCorr    .         Harm     .   w - +6 ring of strength
MR       .....                  (no ring)
Stlth    ++++......             (no ring)
HPRegen  0.20/turn              (no ring)
MPRegen  0.13/turn              (no ring)
                                (no ring)
                                (no ring)

@: no status effects
A: almost no armour, stealthy swim, amphibious, 8 rings, constrict 8, camouflage
1, gelatinous body 1
a: Minor Destruction, Renounce Religion


You were on level 8 of the Dungeon.
You worshipped Makhleb.
Makhleb was pleased with you.
You were not hungry.

You visited 1 branch of the dungeon, and saw 8 of its levels.

You collected 1248 gold pieces.

Inventory:

Hand Weapons
 a - a +0 long sword (weapon)
 u - a +0 rapier
Missiles
 n - a throwing net
 s - 26 poisoned darts (quivered)
Armour
 b - a +0 kite shield (worn)
Jewellery
 c - an amulet of faith (around mantle)
 l - a ring of poison resistance (left tentacle)
 w - a +6 ring of strength (right tentacle)
 z - an uncursed amulet of guardian spirit
Wands
 o - a wand of digging (4)
 t - a wand of iceblast (6)
 v - a wand of flame (10)
 x - a wand of clouds (1)
Scrolls
 f - a scroll of amnesia
 g - 4 scrolls of teleportation
 i - 3 scrolls of identify
 q - a scroll of fear
 r - 2 scrolls of remove curse
 y - a scroll of blinking
Potions
 d - 2 potions of cancellation
 h - a potion of mutation
 j - 3 potions of flight
 k - 4 potions of magic
 m - 3 potions of curing
 p - a potion of stabbing
 A - a potion of ambrosia
Comestibles
 e - 15 rations


   Skills:
 + Level 7.6 Fighting
 * Level 9.9 Long Blades
 + Level 3.6 Dodging
 - Level 5.0 Stealth
 + Level 3.5 Shields
 - Level 4.0 Invocations


You had 8 spell levels left.
You didn't know any spells.
Your spell library contained the following spells:

 Spells                   Type           Power        Failure   Level  Hunger
 Confusing Touch          Hex            #.......     99%         3    ####...
 Gell's Gravitas          Tloc           #.........   99%         3    ####...
 Petrify                  Tmut/Erth      #.......     100%        4    #####..
 Metabolic Englaciation   Hex/Ice        #.........   100%        5    ######.
 Yara's Violent Unravell  Hex/Tmut       #.........   100%        5    ######.


Dungeon Overview and Level Annotations

Branches:
Dungeon (8/15)             Temple (0/1) D:5
   Lair: D:8-11

Altars:
Ashenzari
Cheibriados
Elyvilon
Hepliaklqana
Makhleb
Nemelex Xobeh
Qazlal
Ru
Uskayaw
The Shining One

Shops:
D:8 (

Annotations:
D:8 Joseph


Innate Abilities, Weirdness & Mutations

You cannot wear most types of armour.
You are very stealthy in the water. (Stealth+)
You are amphibious.
You can wear up to eight rings at the same time.
You can use your tentacles to constrict eight enemies at once.
Your skin changes colour to match your surroundings (Stealth+).
Your rubbery body absorbs attacks. (AC +1, EV +1)


Message History

Evoke which item? (* to show all) (? for menu, Esc to quit)
Aiming: Iceblast
Press: ? - help, Shift-Dir - straight line, f/p - Joseph
Aim: Joseph, wielding a +4 hunting sling of flaming, wearing a +0 leather armour and quivering 24 sling bullets (poison gas, moderately wounded, very poisoned)
The mass of ice explodes!
The iceblast engulfs Joseph.
Joseph is moderately wounded.
Evoke which item? (* to show all) (? for menu, Esc to quit)
Aiming: Iceblast
Press: ? - help, Shift-Dir - straight line, f/p - Joseph
Aim: Joseph, wielding a +4 hunting sling of flaming, wearing a +0 leather armour and quivering 24 sling bullets (poison gas, heavily wounded, very poisoned)
The mass of ice explodes!
The iceblast engulfs Joseph!
Joseph is heavily wounded.
Joseph is engulfed in poison gas.
Joseph looks even sicker.
You hit Joseph. Your grab misses Joseph.
Joseph is severely wounded.
Joseph is engulfed in poison gas.
Joseph looks as sick as possible!
Joseph unwields a +4 hunting sling of flaming.
It stops flaming.
Joseph wields a +4 vorpal quarterstaff.
Joseph hits you with a +4 vorpal quarterstaff!!
You die...

#.....#
##.##
#.....#
##...##
######
##.....#
#......#
#......#
#.#...##
#.#####
#§#####(#
#§§§@@..#
#########


You could see Joseph (extremely poisoned).

Vanquished Creatures
  Pikel (D:6)
  A hippogriff (D:7)
  Eustachio (D:5)
  A phantom (D:7)
  3 slaves (D:7)
  A necrophage (D:7)
  A centaur (D:8)
  4 ogres
  5 bullfrogs
  A wyvern zombie (D:8)
  A scorpion (D:7)
  3 killer bees (D:8)
  An electric eel (D:7)
  2 howler monkeys
  A crimson imp (D:5)
  A quasit (D:6)
  4 orc priests
  A jelly (D:8)
  A hound (D:7)
  A bullfrog skeleton (D:7)
  An iguana (D:8)
  8 orc wizards
  11 worker ants
  A hound skeleton (D:8)
  Robin (D:3)
  10 adders
  A shadow imp (D:5)
  5 worms
  A dart slug (D:2)
  6 leopard geckos
  28 orcs
  7 bats
  4 giant cockroaches
  17 goblins
  6 hobgoblins
  2 quokkas (D:5)
  A ball python (D:4)
  A ball python skeleton (D:4)
  7 frilled lizards
  4 kobolds
  9 rats
  A butterfly (D:5)
167 creatures vanquished.

Vanquished Creatures (others)
  A sky beast (D:4)
1 creature vanquished.

Grand Total: 168 creatures vanquished

Notes
Turn   | Place    | Note
-------+----------+-------------------------------------------
     0 | D:1      | silenth the Octopode Fighter began the quest for the Orb.
     0 | D:1      | Reached XP level 1. HP: 16/16 MP: 1/1
   158 | D:1      | Reached XP level 2. HP: 13/21 MP: 2/2
  1118 | D:2      | Reached skill level 3 in Long Blades
  1118 | D:2      | Reached XP level 3. HP: 26/26 MP: 3/3
  1417 | D:2      | Reached XP level 4. HP: 32/32 MP: 4/4
  1874 | D:3      | Noticed Robin
  1876 | D:3      | Reached skill level 4 in Long Blades
  1881 | D:3      | Found a white marble altar of Elyvilon.
  2376 | D:3      | Killed Robin
  2376 | D:3      | Reached skill level 4 in Fighting
  2376 | D:3      | Reached XP level 5. HP: 37/37 MP: 5/5
  2713 | D:3      | Found a stormy altar of Qazlal.
  2806 | D:3      | Found a shattered altar of Ashenzari.
  3570 | D:4      | Reached skill level 5 in Long Blades
  3571 | D:4      | Reached XP level 6. HP: 24/44 MP: 6/6
  4169 | D:4      | Reached skill level 1 in Stealth
  4458 | D:4      | Reached skill level 2 in Stealth
  4473 | D:4      | Reached XP level 7. HP: 49/49 MP: 7/7
  4481 | D:4      | Reached skill level 6 in Long Blades
  4616 | D:5      | Entered Level 5 of the Dungeon
  4671 | D:5      | Reached skill level 5 in Fighting
  4674 | D:5      | Got a heavily runed tin amulet
  4675 | D:5      | Identified the amulet "Zules" {Inacc rC+ Dex+4} (You found
                  | it on level 5 of the Dungeon)
  4964 | D:5      | Reached skill level 3 in Stealth
  5440 | D:5      | Found a burning altar of Makhleb.
  5499 | D:5      | Became a worshipper of Makhleb the Destroyer
  5917 | D:5      | Noticed Eustachio
  5932 | D:5      | Killed Eustachio
  5932 | D:5      | Reached skill level 7 in Long Blades
  5932 | D:5      | Reached skill level 1 in Invocations
  5932 | D:5      | Reached XP level 8. HP: 51/57 MP: 7/9
  6027 | D:5      | Found a staircase to the Ecumenical Temple.
  6462 | D:6      | Reached skill level 2 in Invocations
  6678 | D:6      | Reached skill level 6 in Fighting
  6842 | D:6      | Found a glowing golden altar of the Shining One.
  7028 | D:6      | Identified a scroll of acquirement
  7171 | D:7      | Noticed a hippogriff
  7174 | D:7      | Reached * piety under Makhleb
  7181 | D:7      | Killed a hippogriff
  7181 | D:7      | Reached skill level 8 in Long Blades
  7181 | D:7      | Reached skill level 4 in Stealth
  7181 | D:7      | Reached skill level 3 in Invocations
  7391 | D:7      | Noticed Pikel
  7567 | D:6      | Killed Pikel
  7567 | D:6      | Reached skill level 5 in Stealth
  7567 | D:6      | Reached skill level 4 in Invocations
  7567 | D:6      | Reached XP level 9. HP: 11/63 MP: 10/12
  7947 | D:7      | Reached skill level 9 in Long Blades
  8127 | D:7      | Found a hazy altar of Hepliaklqana.
  8165 | D:7      | Reached skill level 7 in Fighting
  8536 | D:7      | Found a hide-covered altar of Uskayaw.
  8616 | D:7      | Found a sacrificial altar of Ru.
  8680 | D:7      | Found a sacrificial altar of Ru.
  9598 | D:8      | Found a sparkling altar of Nemelex Xobeh.
  9613 | D:8      | Reached ** piety under Makhleb
  9630 | D:8      | Found Deesajygh's Weapon Boutique.
 10059 | D:8      | Found a snail-covered altar of Cheibriados.
 10175 | D:8      | Noticed Joseph
 10182 | D:8      | Slain by Joseph

Illustrated notes

Levels and vault maps discovered:
D:1:      erik_arrival_cave_to_civilisation [erik_arrival_cave_to_hall],
          layout_loops_ring, kennysheep_another_room
D:2:      layout_loops_ring, st_stairs_11, minmay_misc_feat_pillars
D:3:      layout_basic, lemuel_round_altar, elyvilon_altar_5,
          nicolae_ashenzari_panopticon, first_ration, uniq_robin
D:4:      layout_basic
D:5:      layout_basic, kennysheep_little_box, minmay_temple_entry_butterflies,
          hangedman_decor_riveting, uniq_eustachio
D:6:      kennysheep_spiral_hall, layout_rooms, tso_metal_star
D:7:      layout_loops_ring, lemuel_crystal_altar, kennysheep_mini,
          kennysheep_mini_moat, grunt_ogre_cave, serial_bayou_ford_a,
          nicolae_ru_the_path_less_chosen, uniq_pikel
D:8:      layout_loops_cross, nemelex_xobeh_ov_fountains_minmay,
          old_standard_altar, gammafunk_temple_overflow_arena, serial_shops,
          shop, uniq_joseph, uniq_psyche

Skill      XL: |  1  2  3  4  5  6  7  8  9 |
---------------+----------------------------+-----
Long Blades    | 3 4 5 7 8 9 |  9.9
Fighting       | 4 5 6 7 |  7.6
Stealth        | 2 3 5 |  5.0
Invocations    | 1 4 |  4.0
Dodging        | |  3.6
Shields        | |  3.5

Action                   |  1- 3 |  4- 6 |  7- 9 || total
-------------------------+-------+-------+-------++-------
Melee: Long sword        |    54 |   114 |   248 ||   416
       Constrict         |    17 |    36 |    61 ||   114
       Tentacles         |    13 |    16 |    74 ||   103
Throw: Dart              |       |       |     5 ||     5
Evoke: Wand              |       |       |     8 ||     8
  Use: Potion            |       |     1 |     5 ||     6
       Scroll            |       |     4 |    15 ||    19
 Stab: Sleeping          |     6 |     7 |    12 ||    25
       Distracted        |       |       |     1 ||     1
       Confused          |       |       |     2 ||     2
  Eat: Chunk             |     1 |     7 |     4 ||    12
       Ration            |       |     1 |     4 ||     5
Armor: Skin              |     6 |     6 |     8 ||    20
Dodge: Dodged            |    18 |    38 |   101 ||   157
Block: Kite shield       |    17 |    49 |    80 ||   146
       Rpst.: Long sword |     5 |    13 |    34 ||    52

Table legend:
 A = Non-vault XP
 B = Vault XP
 C = Vault XP percentage of total XP
 D = Non-vault monster count
 E = Vault monster count
 F = Vault count percentage of total count
                 A         B        C        D         E       F
            +---------+---------+-------+---------+---------+-------
      Total |    3330 |    1038 |  23.8 |     140 |      24 |  14.6
            +---------+---------+-------+---------+---------+-------
        D:1 |      21 |       0 |   0.0 |      12 |       0 |   0.0
        D:2 |      70 |      37 |  34.6 |      20 |       6 |  23.1
        D:3 |      24 |      36 |  60.0 |      14 |      12 |  46.2
        D:4 |     575 |       0 |   0.0 |      23 |       0 |   0.0
        D:5 |     378 |     182 |  32.5 |      21 |       1 |   4.5
        D:6 |     312 |     674 |  68.4 |       6 |       4 |  40.0
        D:7 |    1250 |     109 |   8.0 |      26 |       1 |   3.7
        D:8 |     700 |       0 |   0.0 |      18 |       0 |   0.0
            +---------+---------+-------+---------+---------+-------
